Map: Catalyst LE

Players

AxImpact (Impact) - Winner!

  • Race: Zerg Zerg
  • League: Diamond
  • Spawn Location: 5:00

ShoWTimE

  • Race: Protoss Protoss
  • League: Grandmaster
  • Spawn Location: 11:00

Event: HomeStory Cup XVI

VOD

Have the link to the VOD?

Description

Time

  • Played on: Nov. 10, 2017, 8:28 a.m.
  • Length: 11:07

All games in this series

Show
View Real Time Build Order
Export as new Build Order

AxImpact Zerg - Winner!

Build Orders: Pool First 

Get SALT Encoding   

  12  0:00  Drone  
  13  0:12  Overlord  
  13  0:17  Drone  
  14  0:30  Drone x2  
  14  0:34  Drone  
  17  0:43  Extractor  
  17  0:46  Spawning Pool  
  16  0:50  Drone  
  16  0:56  Drone  
  17  1:06  Drone  
  18  1:19  Hatchery  
  18  1:23  Drone  
  18  1:33  Zergling x2  
  18  1:38  Zergling x2  
  20  1:44  Metabolic Boost  
  20  1:48  Queen  
  22  1:55  Overlord  
  23  2:15  Zergling x2  
  23  2:16  Zergling x2  
  23  2:22  Zergling x2  
  25  2:23  Queen  
  27  2:31  Zergling x2  
  27  2:32  Zergling x2  
  31  2:46  Drone x2  
  33  2:53  Drone x2  
  33  2:57  Drone  
  33  2:59  Drone  
  33  3:00  Drone  
  33  3:04  Drone  
  33  3:11  Overlord  
  33  3:15  Drone  
  33  3:19  Drone  
  35  3:24  Drone  
  35  3:26  Hatchery  
  34  3:29  Drone  
  34  3:31  Drone  
  34  3:32  Drone x2  
  38  3:37  Drone x3  
  41  3:43  Overlord  
  41  3:50  Drone  
  41  3:53  Drone  
  43  3:59  Drone  
  43  4:00  Lair  
  43  4:02  Drone x2  
  46  4:03  Drone  
  46  4:07  Roach Warren, Drone  
  46  4:09  Drone  
  47  4:15  Zergling x8  
  51  4:23  Extractor, Queen  
  51  4:24  Extractor  
  51  4:27  Overlord  
  51  4:28  Overlord  
  51  4:38  Queen  
  51  4:41  Drone x3  
  51  4:43  Drone  
  57  4:50  Drone x2  
  57  4:51  Drone  
  57  4:52  Drone  
  61  4:54  Drone  
  61  4:56  Drone  
  61  4:58  Glial Reconstitution  
  61  4:59  Drone  
  64  5:00  Drone  
  64  5:03  Spore Crawler  
  64  5:05  Spore Crawler x2  
  64  5:06  Drone  
  63  5:10  Drone  
  63  5:11  Overlord  
  63  5:13  Drone  
  65  5:16  Overseer  
  65  5:21  Hydralisk Den  
  65  5:22  Drone  
  65  5:23  Drone  
  65  5:27  Drone  
  66  5:30  Drone  
  66  5:31  Drone x2  
  66  5:32  Roach  
  66  5:33  Roach  
  72  5:36  Overlord x2  
  72  5:40  Extractor  
  72  5:41  Overlord  
  71  5:47  Roach  
  73  5:51  Muscular Augments  
  73  5:54  Overlord x2  
  73  5:55  Roach  
  73  5:56  Roach  
  79  5:57  Roach  
  79  5:59  Roach  
  79  6:02  Hydralisk x2  
  85  6:05  Hydralisk  
  85  6:08  Hydralisk  
  89  6:12  Overlord x2  
  89  6:14  Hydralisk  
  89  6:17  Hydralisk  
  93  6:21  Drone x3  
  93  6:23  Overlord  
  96  6:25  Hydralisk  
  96  6:31  Hydralisk x2  
  102  6:34  Hydralisk  
  102  6:36  Overlord  
  104  6:45  Hydralisk x2  
  109  6:47  Roach  
  109  6:52  Roach x2  
  111  6:55  Roach  
  111  6:57  Roach  
  111  6:58  Overlord x2  
  111  7:00  Roach  
  116  7:02  Roach  
  116  7:06  Zergling x10  
  123  7:10  Hydralisk, Zergling x2  
  123  7:13  Zergling x6  
  129  7:17  Zergling x2  
  129  7:19  Ravager x2  
  133  7:22  Zergling x2  
  133  7:23  Zergling x2  
  133  7:26  Hydralisk  
  136  7:32  Hydralisk  
  136  7:34  Zergling x2  
  136  7:35  Hatchery  
  135  7:37  Hydralisk  
  135  7:40  Hydralisk  
  135  7:41  Zergling x10  
  138  7:44  Hydralisk  
  138  7:46  Hydralisk  
  139  7:55  Hydralisk x2  
  129  7:59  Roach  
  129  8:00  Zergling x2  
  129  8:05  Roach x2  
  121  8:06  Roach, Zergling x2  
  121  8:08  Roach, Zergling x2  
  121  8:09  Zergling x10  
  131  8:13  Roach  
  131  8:17  Extractor  
  131  8:19  Extractor, Drone  
  132  8:20  Drone  
  132  8:22  Drone  
  132  8:25  Evolution Chamber  
  133  8:32  Overlord x2  
  133  8:33  Drone  
  134  8:36  Drone x3  
  137  8:43  Roach  
  137  8:44  Roach x6  
  149  8:57  Roach x4  
  149  9:02  Spire  
  156  9:03  Drone x6  
  156  9:07  Roach x2  
  156  9:09  Roach  
  168  9:11  Roach  
  168  9:13  Roach  
  171  9:19  Overlord x2  
  175  9:24  Roach x2  
  175  9:31  Overlord x2  
  175  9:38  Ravager x7  
  177  9:40  Roach x3  
  177  9:42  Roach x2  
  188  9:45  Roach  
  188  9:46  Roach  
  188  9:47  Roach  
  188  9:51  Roach  
  192  10:14  Corruptor x3  
  192  10:15  Corruptor  
  196  10:33  Roach x7  
  180  10:36  Roach x6  
  180  10:40  Roach  
  180  10:41  Roach x4  
  198  10:47  Roach x3  
Show
View Real Time Build Order
Export as new Build Order

ShoWTimE Protoss 

Build Orders: 1 Gate Expand 

Get SALT Encoding   

  12  0:02  Probe (Chrono Boost)  
  13  0:14  Probe (Chrono Boost)  
  13  0:15  Pylon  
  14  0:22  Probe (Chrono Boost)  
  15  0:35  Gateway  
  15  0:40  Probe (Chrono Boost)  
  16  0:45  Assimilator  
  16  0:52  Probe (Chrono Boost)  
  18  1:04  Probe (Chrono Boost)  
  18  1:11  Gateway  
  18  1:16  Probe (Chrono Boost)  
  19  1:22  Cybernetics Core  
  19  1:41  Nexus  
  19  1:47  Pylon  
  19  1:50  Adept x2  
  23  2:07  Probe (Chrono Boost)  
  24  2:16  Adept x2  
  24  2:22  Probe (Chrono Boost)  
  29  2:25  Pylon  
  29  2:32  Assimilator  
  29  2:35  Probe (Chrono Boost)  
  30  2:39  Warp Gate  
  30  2:47  Probe (Chrono Boost)  
  31  2:51  Adept  
  30  2:59  Probe (Chrono Boost)  
  30  3:03  Probe (Chrono Boost)  
  31  3:10  Adept  
  31  3:12  Probe (Chrono Boost)  
  34  3:15  Probe (Chrono Boost)  
  35  3:21  Shield Battery  
  35  3:24  Probe (Chrono Boost)  
  37  3:27  Probe (Chrono Boost)  
  37  3:34  Probe (Chrono Boost)  
  37  3:35  Stargate  
  37  3:36  Probe (Chrono Boost)  
  39  3:44  Probe (Chrono Boost)  
  39  3:48  Probe (Chrono Boost)  
  41  3:50  Adept  
  41  3:53  Adept  
  46  3:57  Probe (Chrono Boost)  
  46  4:01  Probe (Chrono Boost)  
  47  4:03  Probe (Chrono Boost)  
  47  4:08  Pylon  
  48  4:10  Phoenix  
  48  4:11  Probe (Chrono Boost)  
  48  4:13  Probe (Chrono Boost)  
  50  4:23  Probe (Chrono Boost)  
  54  4:25  Assimilator, Probe (Chrono Boost)  
  54  4:27  Assimilator  
  54  4:34  Oracle  
  54  4:35  Probe (Chrono Boost)  
  54  4:37  Probe (Chrono Boost)  
  59  4:46  Pylon  
  59  4:47  Probe (Chrono Boost)  
  59  4:49  Probe (Chrono Boost)  
  61  4:54  Pylon  
  61  4:59  Probe (Chrono Boost)  
  62  5:01  Gateway  
  62  5:06  Oracle, Probe (Chrono Boost)  
  63  5:11  Probe (Chrono Boost)  
  67  5:18  Probe (Chrono Boost)  
  68  5:23  Robotics Facility  
  68  5:24  Probe (Chrono Boost), Pylon  
  70  5:30  Probe (Chrono Boost)  
  70  5:32  Nexus  
  71  5:36  Probe (Chrono Boost)  
  71  5:41  Pylon  
  71  5:42  Probe (Chrono Boost)  
  72  5:44  Twilight Council  
  72  5:45  Forge  
  72  5:48  Probe (Chrono Boost)  
  72  5:49  Shield Battery  
  73  5:53  Sentry x2  
  73  5:54  Probe (Chrono Boost)  
  78  6:01  Probe (Chrono Boost)  
  79  6:04  Observer  
  79  6:06  Probe (Chrono Boost)  
  81  6:12  Blink, Protoss Ground Weapons Level 1  
  81  6:13  Probe (Chrono Boost), Robotics Bay  
  83  6:18  Probe (Chrono Boost)  
  83  6:20  Shield Battery  
  83  6:25  Probe (Chrono Boost)  
  84  6:28  Immortal  
  84  6:30  Probe (Chrono Boost)  
  89  6:36  Pylon  
  89  6:37  Probe (Chrono Boost)  
  90  6:41  Pylon  
  90  6:42  Probe (Chrono Boost)  
  90  6:44  Colossus  
  88  6:47  Probe (Chrono Boost)  
  88  6:49  Probe (Chrono Boost)  
  88  6:51  Stalker x2  
  94  6:55  Probe (Chrono Boost)  
  96  7:01  Probe (Chrono Boost)  
  96  7:02  Assimilator  
  96  7:03  Probe (Chrono Boost)  
  96  7:06  Assimilator  
  96  7:07  Extended Thermal Lance, Probe (Chrono Boost)  
  103  7:13  Photon Cannon  
  100  7:17  Photon Cannon  
  100  7:18  Sentry  
  100  7:19  Shield Battery  
  102  7:27  Gateway  
  102  7:29  Stalker x2  
  106  7:30  Gateway  
  106  7:33  Colossus  
  112  7:47  Stalker  
  108  7:56  Adept x2  
  71  8:16  Colossus  
  71  8:18  Gateway  
  71  8:19  Gateway  
  69  8:20  Sentry  
  69  8:22  Gateway  
  77  8:27  Stalker x2  
  81  8:34  Adept x2  
  81  8:36  Pylon  
  81  8:38  Pylon  
  85  8:44  Shield Battery  
  85  8:45  Shield Battery  
  85  8:53  Pylon x2  
  85  9:00  Warp Prism  
  85  9:01  Sentry x2  
  85  9:02  Sentry  
  91  9:05  Pylon  
  91  9:10  Stalker  
  95  9:17  Pylon  
  95  9:19  Adept  
  97  9:37  Stalker x5  
  106  9:43  Stalker x2  
  110  10:08  Pylon  
  110  10:12  Stalker x3  
  116  10:15  Pylon  
  116  10:17  Pylon  
  116  10:21  Pylon  
  112  10:34  Stalker x4  
  118  10:40  Sentry x2  
  120  10:43  Zealot  
  110  10:55  Stalker  
Tags
 
Add a new tag
Caveats
  • Supply blocks, unpowered buildings, or Contaminate may cause inaccurate times.
  • Supply counts are checked every 10 seconds.